 Dungeon Crawl Stone Soup version 0.28.0-62-gf88900778d (webtiles) character file.

Game seed: 4943077430848327331

34 CrypticCrinoid the Skirmisher (level 3, 33/33 HPs)
             Began as a Minotaur Berserker on Feb 7, 2022.
             Was a Believer of Trog.
             Quit the game on level 2 of the Dungeon on Jan 24, 2024.
             The game lasted 00:03:07 (1178 turns).

CrypticCrinoid the Skirmisher (Minotaur Berserker)  Turns: 1178, Time: 00:03:07

Health: 33/33      AC:  5    Str: 21    XL:     3   Next: 14%
Magic:  2/2        EV: 11    Int:  4    God:    Trog [**....]
Gold:   46         SH:  3    Dex: 11    Spells: 2/2 levels left

rFire   . . .      SeeInvis .   a - +0 hand axe
rCold   . . .      Faith    .   h - +0 buckler
rNeg    . . .      Spirit   .   j - +0 ring mail
rPois   .          Reflect  .   (helmet restricted)
rElec   .          Harm     .   g - scarf {repulsion}
rCorr   .          Rampage  .   (no gloves)
Will    .....                   (no boots)
Stlth   +.........              (no amulet)
HPRegen 0.11/turn               (no ring)
MPRegen 0.08/turn               (no ring)

@: repel missiles
A: horns 2, retaliatory headbutt
a: Renounce Religion, Berserk, Trog's Hand


You were on level 2 of the Dungeon.
You worshipped Trog.
Trog was pleased with you.
You visited 1 branch of the dungeon, and saw 2 of its levels.

You collected 104 gold pieces.
You spent 58 gold pieces at shops.

Inventory:

Hand Weapons
 a - a +0 hand axe (weapon)
Armour
 g - a scarf of repulsion (worn)
 h - a +0 buckler (worn)
 j - a +0 ring mail (worn)
Scrolls
 c - a scroll of identify {unknown}
 d - 2 scrolls of enchant armour {unknown}
 i - a scroll of acquirement {unknown}
Potions
 e - a potion of flight {unknown}
 f - a potion of ambrosia {unknown}


   Skills:
 * Level 4.2 Fighting
 * Level 4.2 Axes
 * Level 2.6 Armour
 * Level 2.8 Dodging


You had 2 spell levels left.
You didn't know any spells.
Your spell library was empty.

Dungeon Overview and Level Annotations

Branches:
Dungeon (2/15)

Altars:

Shops:
D:1 [


Innate Abilities, Weirdness & Mutations

You have a pair of horns on your head.
You reflexively headbutt those who attack you in melee.


Message History

Things that are here:
a +0 short sword; 5 stones; a kobold corpse
There is an entrance to Vusowe Sigh's Armour Shop here.
h - a +0 buckler Thank you for shopping at Vusowe Sigh's Armour Shop!
You start putting on your armour.
You continue putting on your +0 buckler. x4
You finish putting on your +0 buckler.
Found 7 stones.
i - a scroll labelled WYORRU IHINE You see here 7 stones.
You see here 7 stones.
You see here 24 stones.
You see here 24 stones.
You see here 24 stones.
You see here a rat skeleton.
You see here 18 sling bullets.
Done exploring.
Done exploring.
Search for what [? for help]? armor You see here a +0 ring mail.
j - a +0 ring mail You start removing your armour.
You continue taking off your +0 animal skin. x4
You finish taking off your +0 animal skin.
You start putting on your armour.
You continue putting on your +0 ring mail. x5
You finish putting on your +0 ring mail.
You drop a +0 animal skin.
You see here a +0 dagger.
There is a stone staircase leading down here.
There is a stone staircase leading down here.
You climb downwards.
Found 13 stones.
There is a stone staircase leading up here.
Saving game... please wait.
Welcome back, CrypticCrinoid the Minotaur Berserker.
Trog says: Kill them all!
Press ? for a list of commands and other information.
Are you sure you want to abandon this character and quit the game? (Confirm with "yes".)

#.# #.. ..# #.#
..## # #..
..#(.##.#
.......@#
...............
.........#...##
.......... ....
#.#..###### ###
# #r. #. ..


You could see a rat.

Vanquished Creatures
  2 dart slugs (D:1)
  2 ball pythons (D:1)
  An endoplasm (D:1)
  4 goblins (D:1)
  2 hobgoblins (D:1)
  5 jackals (D:1)
  4 kobolds (D:1)
  2 bats (D:1)
  4 frilled lizards (D:1)
  3 rats (D:1)
29 creatures vanquished.

Notes
Turn   | Place    | Note
-------+----------+-------------------------------------------
     0 | D:1      | CrypticCrinoid the Minotaur Berserker began the quest for
                  | the Orb.
     0 | D:1      | Reached XP level 1. HP: 19/19 MP: 0/0
   181 | D:1      | Reached XP level 2. HP: 16/27 MP: 1/1
   649 | D:1      | Found a faded altar of an unknown god.
   935 | D:1      | Found Vusowe Sigh's Armour Shop.
   977 | D:1      | Reached XP level 3. HP: 30/33 MP: 2/2
   986 | D:1      | Reached ** piety under Trog
  1007 | D:1      | Bought a +0 buckler for 58 gold pieces
  1178 | D:2      | Upgraded the game from 0.28.0 to 0.28.0-62-gf88900778d
  1178 | D:2      | Quit the game

Illustrated notes

Levels and vault maps discovered:
D:1:      shiori_shiawase, layout_rooms, basic_ecumenical_altar, serial_shops,
          nicolae_shop_advertising_works [nicolae_subvault_shop_adworks],
          minmay_strange_pillars, minmay_tromino_v4_a
D:2:      layout_loops_ring, uniq_crazy_yiuf_cottage, uniq_sigmund

Skill      XL: |  1  2 |
---------------+-------+-----
Fighting       | 4 |  4.2
Axes           | 4 |  4.2
Armour         | |  2.6
Dodging        | |  2.8

Action                   || total
-------------------------++-------
Melee: Hand axe          ||    54
       Headbutt          ||     5
Armor: Animal skin       ||    14
Dodge: Dodged            ||    33
